 Dungeon Crawl Stone Soup version 0.27.0-1-g7a089689b8 (webtiles) character file.

Game seed: 8807887763730291170

2328 GordonOverkill the Summoner (level 9, -6/39 HPs)
             Began as a Felid Necromancer on Aug 3, 2021.
             Was a Believer of Sif Muna.
             Mangled by a polar bear (22 damage)
             ... on level 1 of the Lair of Beasts.
             The game lasted 00:33:13 (17810 turns).

GordonOverkill the Summoner (Felid Necromancer)    Turns: 17810, Time: 00:33:13

Health: -6/39      AC:  6    Str:  4    XL:     9   Next: 19%
Magic:  0/20       EV: 17    Int: 20    God:    Sif Muna [**....]
Gold:   620        SH:  0    Dex: 17    Spells: 11/22 levels left
                                        Lives:  0   Deaths: 3

rFire    . . .     SeeInvis +     - Unarmed
rCold    . . .     Faith    .   (shield unavailable)
rNeg     . . .     Spirit   .   (armour unavailable)
rPois    .         Reflect  .   (helmet unavailable)
rElec    .         Harm     .   (cloak unavailable)
rCorr    .         Rampage  .   (gloves unavailable)
Will     +....                  (boots unavailable)
Stlth    +++.......             e - amulet of regeneration
HPRegen  1.13/turn              l - +4 ring of protection
MPRegen  0.17/turn              (no ring)

@: quick
A: very small, claws 1, fangs 3, see invisible, speed 1, shaggy fur 2, stealthy
paws, no weapons or thrown items, no armour, multi-lived
a: Renounce Religion, Channel Magic


You were on level 1 of the Lair of Beasts.
You worshipped Sif Muna.
Sif Muna was pleased with you.
You visited 2 branches of the dungeon, and saw 11 of its levels.

You collected 620 gold pieces.

Inventory:

Jewellery
 e - an amulet of regeneration (around neck)
 l - a +4 ring of protection (left paw)
Wands
 m - a wand of polymorph (13)
 q - a wand of digging (6)
Scrolls
 d - a scroll of teleportation
 g - a scroll of silence
Potions
 a - a potion of resistance
 b - a potion of flight
 c - a potion of might
 f - a potion of brilliance
 h - a potion of lignification
 i - a potion of curing
 k - a potion of cancellation
 r - 3 potions of haste


   Skills:
 - Level 4.0 Fighting
 - Level 2.6 Dodging
 - Level 5.0 Stealth
 - Level 3.2 Unarmed Combat
 + Level 7.0 Spellcasting
 - Level 12.0 Summonings
 - Level 5.0 Necromancy
 - Level 1.1 Invocations
 - Level 2.2 Evocations


You had 11 spell levels left.
You knew the following spells:

 Your Spells              Type           Power      Damage    Failure   Level
a - Pain                  Necr           100%       1d9       1%          1
b - Vampiric Draining     Necr           13%        2d7       3%          3
c - Summon Hydra          Summ           26%        N/A       50%         7

Your spell library contained the following spells:

 Spells                   Type           Power      Damage    Failure   Level
 Animate Skeleton         Necr           54%        N/A       1%          1
 Sublimation of Blood     Necr           13%        N/A       1%          2
 Beastly Appendage        Tmut           14%        N/A       10%         1
 Animate Dead             Necr           13%        N/A       12%         4
 Wereblood                Tmut           7%         N/A       14%         2
 Spider Form              Tmut/Pois      3%         N/A       28%         3
 Stone Arrow              Conj/Erth      14%        3d7       28%         3
 Agony                    Necr           27%        N/A       32%         5
 Ice Form                 Ice/Tmut       7%         N/A       67%         4
 Petrify                  Tmut/Erth      7%         N/A       67%         4
 Irradiate                Conj/Tmut      3%         3d14      95%         5
 Yara's Violent Unravell  Hex/Tmut       3%         3d4       95%         5
 Lehudib's Crystal Spear  Conj/Erth      3%         10d3      100%        8
 Animate Armour           Summ/Erth      Unusable   N/A       N/A         4

Dungeon Overview and Level Annotations

Branches:
Dungeon (10/15)            Temple (0/1) D:6            Lair (1/6) D:9
    Orc: D:9-12

Altars:
Ashenzari
Elyvilon
Fedhas
Gozag
Kikubaaqudgha
Sif Muna
Uskayaw
Vehumet
Wu Jian
Xom
Yredelemnul
The Shining One

Shops:
D:4 [**([*   D:5 !!   D:9 :

Annotations:
D:3 exclusion: oklob plant
D:6 Maggie, Sigmund


Innate Abilities, Weirdness & Mutations

You have sharp claws.
You have razor-sharp teeth.
You have supernaturally acute eyesight. (SInv)
You cover ground quickly. (Speed+)
You are covered in thick fur. (AC +2)
Your paws help you pounce on unaware monsters.
You are incapable of wielding weapons or throwing items.
You cannot wear armour.
You gain extra lives every three experience levels.


Message History

Aiming: Vampiric Draining (dangerous; 3% risk of failure)
Press: ? - help, Shift-Dir - straight line, f/p - polar bear
Aim: a polar bear (heavily wounded)
You draw life force from the polar bear!
You feel life coursing into your body.
The polar bear goes berserk!
Casting: Vampiric Draining (dangerous; 3% risk of failure)
Confirm with . or Enter, or press ? or * to list all spells.
Aiming: Vampiric Draining (dangerous; 3% risk of failure)
Press: ? - help, Shift-Dir - straight line, f/p - polar bear
Aim: a polar bear (severely wounded, berserk)
You draw life force from the polar bear.
You feel life coursing into your body. The polar bear closely misses you.
The polar bear claws you but does no damage.
The polar bear barely misses you.
Casting: Vampiric Draining (dangerous; 3% risk of failure)
Confirm with . or Enter, or press ? or * to list all spells.
Aiming: Vampiric Draining (dangerous; 3% risk of failure)
Press: ? - help, Shift-Dir - straight line, f/p - polar bear
Aim: a polar bear (severely wounded, berserk)
You draw life force from the polar bear.
You feel life coursing into your body. The polar bear closely misses you.
The polar bear completely misses you. The polar bear claws you.
The polar bear bites you!
* * * LOW HITPOINT WARNING * * *
The polar bear barely misses you. The polar bear claws you.
* * * LOW HITPOINT WARNING * * *
Casting: Vampiric Draining (dangerous; 3% risk of failure)
Confirm with . or Enter, or press ? or * to list all spells.
You don't have enough magic to cast this spell.
Casting: Vampiric Draining (dangerous; 3% risk of failure)
Confirm with . or Enter, or press ? or * to list all spells.
You don't have enough magic to cast this spell.
Casting: Vampiric Draining (dangerous; 3% risk of failure)
Confirm with . or Enter, or press ? or * to list all spells.
Aiming: Pain (safe; 1% risk of failure)
Press: ? - help, Shift-Dir - straight line, f/p - polar bear
Aim: a polar bear (almost dead, berserk, chance to affect: 84%)
The polar bear writhes in agony!
The polar bear bites you!!
Ouch! That really hurt!
You die...

###..#####.........
#..####.....#....
#..........#.....
##.........###....
#...........# #...
#............## P..
#..............# ..
#..........h...#
##..........@..#
##............#
##..........<##
##....(......#
#...PP....).#
#..(.(......#
##.......###.#
#.......## #.#
.....#...#### ###


You could see a polar bear (berserk).

Vanquished Creatures
  A cane toad (D:9)
  A komodo dragon (D:9)
  A kobold demonologist (D:9)
  A troll (D:9)
  Grinder (D:5)
  6 yaks
  A steam dragon (D:8)
  Edmund (D:5)
  A sky beast (D:5)
  3 orc warriors
  2 ogres
  2 black bears
  2 ice beasts
  A necrophage (D:7)
  4 centaurs
  9 wolves (D:9)
  A phantom (D:6)
  A kobold brigand (D:9)
  2 scorpions
  3 bullfrogs (D:8)
  5 howler monkeys
  7 wights
  5 hounds
  2 centaur zombies
  A bullfrog skeleton (D:4)
  2 orc priests
  A gnoll shaman (D:8)
  2 iguanas
  7 orc wizards
  A killer bee zombie (D:8)
  A hound zombie (D:5)
  3 hound skeletons
  A howler monkey zombie (D:10)
  13 adders
  5 gnolls (D:8)
  A white imp (D:8)
  A worm (D:2)
  6 dart slugs
  37 orcs
  4 endoplasms
  3 giant cockroaches
  11 goblins
  4 hobgoblins
  2 jackals (D:4)
  2 quokkas (D:1)
  6 ball pythons
  9 bats
  7 frilled lizards
  8 kobolds
  3 rats
204 creatures vanquished.

Vanquished Creatures (others)
  7 fungi
  16 plants
23 creatures vanquished.

Grand Total: 227 creatures vanquished

Notes
Turn   | Place    | Note
-------+----------+-------------------------------------------
     0 | D:1      | GordonOverkill the Felid Necromancer began the quest for
                  | the Orb.
     0 | D:1      | Reached XP level 1. HP: 7/7 MP: 4/4
   158 | D:1      | Found a faded altar of an unknown god.
   619 | D:1      | Reached XP level 2. HP: 10/12 MP: 4/6
  1746 | D:1      | Reached skill level 1 in Fighting
  2228 | D:2      | Reached XP level 3. HP: 12/15 MP: 3/7
  2291 | D:2      | Learned a level 3 spell: Vampiric Draining
  2901 | D:2      | Found a shimmering altar of Xom.
  3196 | D:2      | Reached XP level 4. HP: 12/19 MP: 1/8
  4287 | D:3      | Found a shimmering altar of Xom.
  4584 | D:3      | Found a blossoming altar of Fedhas.
  4604 | D:3      | Noticed an oklob plant
  4766 | D:3      | Reached XP level 5. HP: 21/22 MP: 8/10
  5199 | D:4      | Found an ornate altar of the Wu Jian Council.
  5305 | D:4      | Found Plog's Assorted Antiques.
  5419 | D:4      | Noticed a necrophage
  5486 | D:4      | Found Hocruy's Armour Boutique.
  5488 | D:4      | Found Itiawkea's Antique Weapon Emporium.
  5499 | D:4      | Found Kizatoud's Assorted Antiques.
  5690 | D:4      | Reached skill level 1 in Unarmed Combat
  5758 | D:4      | Found Mawki's Armour Emporium.
  5763 | D:4      | Found Payssah's Assorted Antiques.
  5853 | D:4      | Found a shimmering blue altar of Sif Muna.
  5917 | D:4      | Reached skill level 1 in Summonings
  6144 | D:4      | Gained mutation: You are covered in thick fur. (AC +2)
                  | [Felid growth]
  6144 | D:4      | Reached XP level 6. HP: 25/27 MP: 2/11
  6883 | D:4      | Reached skill level 5 in Stealth
  6883 | D:4      | Reached skill level 2 in Summonings
  7131 | D:5      | Entered Level 5 of the Dungeon
  7170 | D:5      | Reached skill level 5 in Necromancy
  7492 | D:5      | Noticed Grinder
  7495 | D:5      | Paralysed by Grinder for 7 turns
  7507 | D:5      | Killed Grinder
  7508 | D:5      | Reached skill level 3 in Summonings
  7508 | D:5      | Reached XP level 7. HP: 31/31 MP: 13/13
  7748 | D:5      | Found Ockaxes's Distillery.
  7816 | D:5      | Reached skill level 1 in Evocations
  8001 | D:5      | Reached skill level 4 in Summonings
  8017 | D:4      | Became a worshipper of Sif Muna the Loreminder
  8067 | D:5      | Found Hikk's Distillery.
  8243 | D:4      | HP: 1/31 [phantom (3)]
  8244 | D:4      | Slain by a phantom
  8245 | D:4      | Reached XP level 6. HP: -1/28 MP: 13/13
  8334 | D:5      | Found a hide-covered altar of Uskayaw.
  8334 | D:5      | Found a white marble altar of Elyvilon.
  8334 | D:5      | Found an opulent altar of Gozag.
  8426 | D:5      | Noticed an ice beast
  8431 | D:5      | Killed an ice beast
  8432 | D:5      | Reached XP level 7. HP: 31/31 MP: 14/14
  8442 | D:5      | Noticed Edmund
  8503 | D:5      | Killed Edmund
  8865 | D:6      | Reached skill level 1 in Invocations
  9027 | D:6      | Reached skill level 5 in Summonings
  9220 | D:6      | Found a staircase to the Ecumenical Temple.
  9273 | D:6      | Noticed a two-headed ogre
  9346 | D:6      | Noticed Sigmund
  9642 | D:7      | Found a radiant altar of Vehumet.
  9660 | D:6      | Found a basalt altar of Yredelemnul.
  9665 | D:6      | Reached skill level 6 in Summonings
  9665 | D:6      | Reached XP level 8. HP: 13/36 MP: 4/15
 10095 | D:6      | Noticed Maggie
 10166 | D:6      | Found an ancient bone altar of Kikubaaqudgha.
 10341 | D:7      | Reached skill level 7 in Summonings
 10877 | D:7      | Found a broken altar of Ashenzari.
 11143 | D:7      | Found a glowing golden altar of the Shining One.
 11521 | D:8      | Reached skill level 8 in Summonings
 12662 | D:8      | Reached skill level 9 in Summonings
 12662 | D:8      | Reached XP level 9. HP: 37/38 MP: 6/16
 12838 | D:8      | Reached * piety under Sif Muna
 13499 | D:9      | Found a staircase to the Lair.
 13518 | D:9      | Noticed a troll
 13561 | D:9      | Killed a troll
 13562 | D:9      | Reached skill level 10 in Summonings
 13919 | D:9      | Reached skill level 5 in Spellcasting
 14189 | D:9      | Noticed a troll
 14481 | D:9      | Reached ** piety under Sif Muna
 14557 | D:9      | Noticed a kobold demonologist
 14558 | D:9      | Found Xochont's Book Shoppe.
 14748 | D:9      | Noticed a hellwing
 14762 | D:9      | Noticed a sixfirhy
 14767 | D:9      | Killed a kobold demonologist
 15344 | D:8      | Reached skill level 11 in Summonings
 15344 | D:8      | Reached XP level 10. HP: 42/42 MP: 0/19
 15570 | D:10     | Entered Level 10 of the Dungeon
 15696 | D:10     | Got the Disquisition on Transmutation
 15729 | D:10     | Noticed a guardian serpent
 15729 | D:10     | a kobold demonologist changed into a guardian serpent
 15730 | D:10     | HP: 1/37 [poisoned by a guardian serpent (bolt of poison)]
 15776 | Lair:1   | Entered Level 1 of the Lair of Beasts
 15792 | Lair:1   | Noticed a cane toad
 16111 | D:9      | Mangled by a cane toad
 16112 | D:9      | Reached XP level 9. HP: -12/39 MP: 3/19
 16122 | D:9      | Killed a cane toad
 16184 | D:9      | Found a staircase to the Lair.
 16302 | D:9      | Found Xochont's Book Shoppe.
 16328 | D:9      | Slain by a wight
 16329 | D:9      | Reached XP level 8. HP: -3/31 MP: 18/18
 16446 | Lair:1   | Learned a level 7 spell: Summon Hydra
 16455 | Lair:1   | Noticed a komodo dragon
 16823 | Lair:1   | Noticed a polar bear
 17091 | D:9      | Found a staircase to the Lair.
 17226 | D:9      | Reached XP level 9. HP: 39/39 MP: 1/20
 17527 | D:9      | Found Xochont's Book Shoppe.
 17716 | D:9      | Killed a komodo dragon
 17717 | D:9      | Reached skill level 12 in Summonings
 17810 | Lair:1   | Mangled by a polar bear

Illustrated notes

Levels and vault maps discovered:
D:1:      heliophobic_arrival_ceremonial_halls, layout_basic,
          hellmonk_ecumenical_altar_crossroads, minivault_25,
          grunt_decor_resistance, minmay_tall_x
D:2:      layout_basic, basic_altar
D:3:      layout_rooms, lemuel_tele_altar, tgw_fedhas
D:4:      layout_rooms, nicolae_overflow_hidden_temple,
          nicolae_wu_jian_immortal_techniques, serial_shops,
          nicolae_inconvenience_store, shop, dk_vineyard_2,
          minmay_shop_grid_forest, kennysheep_boxes
D:5:      layout_loops_ring, gammafunk_temple_overflow_claw, serial_shops,
          shop_statue, shop, minmay_misc_feat_enclosed, uniq_grinder,
          uniq_edmund
D:6:      wander_river, layout_basic, general_overflow_altar,
          yredelemnul_altar_generic, minmay_temple_entry_wispy, minivault_11,
          uniq_sigmund, uniq_maggie
D:7:      layout_cave_pools, mainiacjoe_overflow_paths, vehumet_altar_wand_db,
          cheibrodos_ashenzari_chains, eino_tiny_chamber, columned_hall_lemuel,
          minmay_misc_feat_secret_circle
D:8:      layout_loops_ring, serial_rivers, chequers_serial_rivers_marsh,
          chequers_serial_rivers_room_b, chequers_serial_rivers_room_a,
          chequers_serial_rivers_micro_c
D:9:      layout_basic, lair_entry_dummy, special_room [special_room_orc],
          serial_shops, shop_coins
D:10:     layout_roguey, overflow_temple_1_default, erik_orc_1, serial_shops,
          nicolae_shop_stone, uniq_gastronok, uniq_grum
Lair:1:   layout_cave_pods, st_stairs_3, chequers_serial_rivers_micro_e,
          lemuel_fruit_tree, grunt_megastairs_2

Skill      XL: |  1  2  3  4  5  6  7  8  9 10 |
---------------+-------------------------------+-----
Stealth        | 3 4 5 |  5.0
Fighting       | 1 2 3 4 |  4.0
Unarmed Combat | 1 3 |  3.2
Spellcasting   | 3 4 7 6 |  7.0
Summonings     | 1 3 6 9 12 | 12.0
Necromancy     | 5 |  5.0
Evocations     | 2 |  2.2
Invocations    | 1 |  1.1
Dodging        | |  2.6

Action                   |  1- 3 |  4- 6 |  7- 9 | 10-12 || total
-------------------------+-------+-------+-------+-------++-------
Melee: Unarmed           |     1 |    50 |   197 |    37 ||   285
       Bite              |       |     4 |    14 |     3 ||    21
       Punch             |       |       |     4 |       ||     4
 Cast: Pain              |    77 |   107 |   283 |     3 ||   470
       Vampiric Draining |       |     2 |   109 |    20 ||   131
Evoke: Wand              |       |       |    10 |     2 ||    12
  Use: Scroll            |       |     6 |    10 |     1 ||    17
       Potion            |       |     1 |     8 |     1 ||    10
 Stab: Sleeping          |       |     6 |     4 |     2 ||    12
Armor: Skin              |     1 |     9 |    52 |    25 ||    87
Dodge: Dodged            |     9 |    44 |   350 |    86 ||   489
